Arrhythmia, chaotic female vampiric Convict #[## --------------------------------# |...........................$..|% $ .------- -------------..-----.|# ---------- |.| .| |...|. |..|...|.|# #.........| |.| .| |...|. +..|...|.|# ###|........| |.----|---|...||------|..-...|.|)######-.)).....| |......|..|...|.|..|..|.-----|.|# ### ---------- |.----.|..|-|--.|..|..|(%....|.|)## |.|. |.--|-.....-|-|..|.|.I_.|.|)## |.|..-......[...)..--|-.|.I@I|.|# ### |.|----|--.-----|-......|.II.|.|# # |.|((|...|.+ |.)|---|-------|.|# |.|((|((.|.| |..|....|#.|...|.|# $ |.|..|(((|.---|..|.[..|..|...-..# |.--|-----._{.----------.-----.|### |...........|.....[)...........| -------------------------------- Arrhythmia the Jail-bird Experience level: 8 Strength: 15 Dexterity: 13 Constitution: 15 Intelligence: 14 Wisdom: 9 Charisma: 8 Health: 0(73) Energy: 42(42) AC: 3 Gold: 163 Moves: 3429 Your Inventory: Coins $ - 163 gold pieces Weapons b - 4 cursed [+0] crossbow bolts [of detonation] c - 2 uncursed [+0] runed daggers [elven] Armor d - an uncursed +0 pair of hard shoes [iron] (being worn) K - a cursed [-2] set of armor called Reflection [reflecting dragon scales] L - a cursed [+0] iron skull cap [orcish helm] M - a cursed [+0] hooded cloak [of brilliance (dwarvish)] N - a cursed [+0] striped shirt S - an [uncursed] +0 crested helmet [helmet] (being worn) T - a cursed +1 elven mithril-coat (being worn) U - a cursed burnt rotted -4 hooded cloak [dwarvish] (being worn) V - a cursed +0 large round shield [dwarvish roundshield] (being worn) X - a blessed +0 pair of walking shoes [low] Potions i - an uncursed clear potion [of water] k - an uncursed potion of oil Rings l - an uncursed agate ring [of warning] m - an uncursed brass ring [of searching] n - an uncursed ring of invisibility (on right hand) p - an uncursed ivory ring [of teleport control] r - an uncursed pearl ring [of poison resistance] v - an uncursed ring of shock resistance z - an uncursed [+1] ring of gain wisdom A - a cursed [+2] ring of gain wisdom B - a cursed [-2] ring of gain wisdom C - a cursed [-2] ring of gain wisdom D - a cursed [-3] ring of increase accuracy G - an uncursed ring of stealth H - an uncursed ring of sustain ability Q - a cursed diamond ring [of teleportation] Z - an uncursed ring of polymorph control Wands E - a cursed brass wand [of probing (0:6)] F - a cursed grooved wand [of teleportation (0:7)] J - a blessed wand of striking [0:2] R - a cursed crystal wand [of magic missile (0:0)] Tools a - an uncursed looking glass [mirror] f - a cursed bag [sack] o - an uncursed skeleton key q - an uncursed [tin] whistle I - an uncursed [tallow] candle W - an uncursed partly used [tallow] candle Y - a cursed [oil] lamp called Magic Gems e - an uncursed blue gem [worthless glass] s - 2 uncursed green gems [worthless glass] t - an uncursed green gem [aquamarine] u - an uncursed red gem [worthless glass] w - an uncursed violet gem [worthless glass] x - 3 uncursed white gems [worthless glass] y - 4 uncursed yellowish brown gems [worthless glass] Spells known in the end: Name Level Category Fail Memory Your skills at the end: Fighting Skills Weapon Skills sling [Basic / Skilled] Spellcasting Skills Final Attributes: You were piously aligned. Hunger level was 629. Your alignment was 27 / 27. Monster difficulty range was 1 - 7. Level difficulty was 6. You were immune to poison. You were immune to level-drain. You were immune to sickness. You were blinded. You were invisible. You could fly. You could survive without air. You were held by an owlbear. You regenerated. Your luck was zero. You are dead (2nd time!). Vanquished creatures: a giant mimic 4 wolves 2 winter wolf cubs a brown pudding a chickatrice 2 fire ants a wood nymph 4 Uruk-hai a rock piercer 2 yellow lights 5 gnome lords a straw golem a paper golem a baby crocodile a floating eye 6 dwarves a homunculus a rabid rat a centipede a giant bat a monkey an iguana an acid blob 2 coyotes a gas spore 2 hobbits a hobgoblin a brown mold a yellow mold 25 gnomes a jackal 4 foxes a kobold 2 goblins 6 grid bugs 3 lichens 2 kobold zombies 2 newts 95 creatures vanquished. Voluntary challenges: You went without food. You never hit with a wielded weapon. You read items or engraved 7 times. You put on armor 17 times. You never genocided any monsters. You never polymorphed an object. You never changed form. You used no wishes. You abstained from Elbereth's help. You encountered 1 bones level. You never used any Sokoban shortcuts. Dungeon overview: The Dungeons of Doom: levels 1 to 3 Level 1 a long staircase Level 2 a fountain Level 3 stairs to The Gnomish Mines The Gnomish Mines: levels 4 to 6 Level 4 stairs to The Dungeons of Doom Level 5 (Ninfa invisibile) Level 7 <- You were here some shops, a temple, a magic chest, a fountain, a sink History has recorded: On T:1 you entered the Dungeons of Doom to retrieve the Amulet of Yendor! On T:328 you advanced to experience level 2. On T:623 you reached level 2 of The Dungeons of Doom. On T:800 you advanced to experience level 3. On T:854 you reached level 3 of The Dungeons of Doom. On T:953 you reached level 1 of The Gnomish Mines. On T:955 you advanced to experience level 4. On T:980 you advanced to experience level 5. On T:1076 you advanced to experience level 6. On T:1565 you reached level 2 of The Gnomish Mines. On T:1938 you advanced to experience level 7. On T:2461 you reached level 3 of The Gnomish Mines. On T:2953 you advanced to experience level 8. On T:3345 you were saved from death by your amulet of life saving! Latest messages: The wand hits it. You kill it! [HP+1=25] The wand misses it. It hits! (2x) It grabs you! It hits! (2x) It misses. It bites! [HP-14=11] The wand hits it. You kill it! It misses. It hits! You are being crushed. You die... The sack is empty. Final status: Goodbye Arrhythmia the Convict... You died in The Gnomish Mines on dungeon level 6 with 4947 points, and 163 pieces of gold, after 3429 moves. You were level 8 with a maximum of 73 hit points when you died.